 Dungeon Crawl Stone Soup version 0.20-a0-16-g0876c8e (webtiles) character file.

16701 Jraekied the Archer (level 12, 0/81 HPs)
             Began as a High Elf Hunter on Nov 3, 2016.
             Was the Champion of Okawaru.
             Slain by an eight-headed hydra (9 damage)
             ... on level 2 of the Lair of Beasts.
             The game lasted 00:48:15 (15497 turns).

Jraekied the Archer (High Elf Hunter)              Turns: 15497, Time: 00:48:15

Health: 0/81       AC: 15    Str: 13    XL:     12   Next: 12%
Magic:  0/20       EV: 20    Int: 15    God:    Okawaru [******]
Gold:   352        SH:  0    Dex: 27    Spells: 0 memorised, 11 levels left

rFire  . . .     SeeInvis .     b - +0 short sword
rCold  . . .     Gourm    .     u - +4 ring mail "Roymet" {Dex+4}
rNeg   . . .     Faith    .     (no shield)
rPois  +         Spirit   +     (no helmet)
rElec  .         Reflect  .     c - +1 cloak {rPois}
rCorr  .         Harm     .     Q - +2 pair of gloves {Dex+3}
MR     +....                    M - +0 pair of boots
Stlth  ++........               r - amulet of guardian spirit
                                T - ring of poison resistance
                                g - +3 ring of slaying

@: about to teleport
A: no striking features
a: Heroism, Finesse, Renounce Religion


You were on level 2 of the Lair of Beasts.
You worshipped Okawaru.
Okawaru was exalted by your worship.
You were near starving.

You visited 2 branches of the dungeon, and saw 14 of its levels.

You collected 653 gold pieces.
You spent 301 gold pieces at shops.

Inventory:

Hand Weapons
 a - a +2 shortbow
 b - a +0 short sword (weapon)
 z - the +11 great sword "Goblin's Funeral" {freeze, +Fly rF+ Int-4}
   (Okawaru gifted it to you on level 2 of the Lair of Beasts)

   It has been specially enchanted to freeze those struck by it, causing extra
   injury to most foes and up to half again as much damage against particularly
   susceptible opponents.
   It can also slow down cold-blooded creatures.
   It affects your intelligence (-4).
   It protects you from fire.
   It lets you fly.
 K - a +0 falchion
Missiles
 d - 5 steel tomahawks (quivered)
 o - 379 stones
 p - 6 needles of confusion
 q - 241 arrows
 E - 17 tomahawks
Armour
 c - a +1 cloak of poison resistance (worn)
 u - the +4 ring mail "Roymet" (worn) {Dex+4}
   (Okawaru gifted it to you on level 2 of the Lair of Beasts)

   It affects your dexterity (+4).
 B - the +1 ring mail "Qyap" {rC+}
   (You found it on level 6 of the Dungeon)

   It protects you from cold.
 M - a +0 pair of boots (worn)
 Q - a +2 pair of gloves of dexterity (worn)
Jewellery
 g - a +3 ring of slaying (left hand)
 k - an uncursed ring of protection from magic
 l - an uncursed ring of resist corrosion
 m - an uncursed ring of stealth
 n - an uncursed ring of protection from cold
 r - an amulet of guardian spirit (around neck)
 v - an uncursed amulet of faith {unknown}
 R - an uncursed ring of protection from fire
 T - a ring of poison resistance (right hand)
 Y - an uncursed amulet of harm
Wands
 G - a wand of iceblast (9/15)
 H - a wand of confusion (25/48)
 N - a wand of paralysis (11/24)
 V - a wand of confusion (40/48)
Scrolls
 e - 6 scrolls of identify
 i - 7 scrolls of remove curse
 j - 3 scrolls of recharging
 s - 2 scrolls of fog
 x - 6 scrolls of teleportation
 y - 5 scrolls of amnesia
 J - 2 scrolls of enchant weapon
 U - a scroll of magic mapping
Potions
 w - 3 potions of magic
 C - 2 potions of cancellation
 D - a potion of flight
 F - a potion of haste
 O - 2 potions of mutation
 P - 3 potions of curing
Comestibles
 f - 7 bread rations
 t - 2 slices of pizza
 A - 49 fruits
 L - 2 meat rations


   Skills:
 - Level 7.4 Fighting
 * Level 8.4 Long Blades
 - Level 14.7 Bows
 + Level 10.5 Dodging
 - Level 1.1 Stealth
 - Level 10.1 Invocations


You had 11 spell levels left.
You didn't know any spells.

Dungeon Overview and Level Annotations

Branches:
Dungeon (12/15)            Temple (0/1) D:4            Lair (2/6) D:10
    Orc (0/2) D:10
  Swamp: Lair:2-4    Shoals: Lair:2-4     Snake: Lair:2-4    Spider: Lair:2-4

Altars:
Ashenzari
Fedhas
Hepliaklqana
Kikubaaqudgha
Okawaru
Sif Muna
Xom
Yredelemnul
The Shining One

Shops:
D:6 [   D:7 :


Message History

You feel less invigorated.
You feel less confused. The black mamba completely misses you.
The blink frog hits you!
* * * LOW HITPOINT WARNING * * *
You barely miss the black mamba.
The black mamba is severely wounded.
The black mamba bites you but does no damage.
The blink frog completely misses you. The black mamba misses you.
As you read the scroll of teleportation, it crumbles to dust.
You feel strangely unstable. The blink frog hits you!
* * * LOW HITPOINT WARNING * * *
The black mamba bites you but does no damage.
The eight-headed hydra completely misses you.
The eight-headed hydra bites you but does no damage.
The eight-headed hydra bites you. The eight-headed hydra misses you.
The eight-headed hydra bites you!
* * * LOW HITPOINT WARNING * * *
The eight-headed hydra closely misses you.
The eight-headed hydra bites you!
You die...

#........# ##.......#
#...#.#..# ##...#..##
.P..# #.# ......##.#
####P.##..##
#########....#..#
...#F#@##.#.P##.# #..##
....FYDFSF.......###....
....#Y##.P###.#...#.....
.. .Y# #### ####........
.Y# #†.....## .?..
#......# #.# ##......#
.# ### ##.......##
#######.###.#...(..P#


You could see an eight-headed hydra, 4 elephants, a black mamba and 3 blink
frogs.

Vanquished Creatures
  Fannar (Lair:2)
  Urug (Lair:2)
  An unseen horror (D:10)
  2 hill giants
  An ugly thing (D:11)
  A cyclops (D:11)
  Joseph (D:8)
  Maurice (D:8)
  Psyche (D:9)
  2 komodo dragons (Lair:2)
  4 spiny frogs
  A kobold demonologist (D:11)
  A hornet (D:7)
  Prince Ribbit (D:9)
  A hippogriff (Lair:2)
  3 wyverns
  A hog (D:4)
  11 yaks
  Eustachio (D:6)
  A steam dragon (D:7)
  2 basilisks
  A hungry ghost (D:10)
  Edmund (D:6)
  4 water moccasins (Lair:2)
  3 porcupines (Lair:2)
  5 orc warriors
  2 ice beasts
  A black bear (D:10)
  5 sky beasts
  3 wolves (Lair:1)
  5 ogres
  A hornet zombie (D:9)
  4 centaurs
  12 crocodiles
  4 big kobolds
  12 bullfrogs
  A wyvern zombie (D:10)
  3 scorpions
  A water moccasin skeleton (D:7)
  2 electric eels (Lair:2)
  A howler monkey (D:10)
  5 crimson imps
  3 centaur zombies
  2 bullfrog zombies
  2 centaur skeletons
  3 jellies
  3 hounds
  4 orc priests
  7 orc wizards
  9 worker ants
  2 hound zombies
  A hound skeleton (D:4)
  A howler monkey zombie (D:5)
  2 worker ant zombies
  14 adders
  4 gnolls
  6 river rats (D:10)
  2 shadow imps
  An ooze (D:1)
  3 worms
  3 dart slugs
  4 leopard geckos
  24 orcs
  3 ball pythons
  5 giant cockroaches
  10 goblins
  9 hobgoblins
  15 jackals
  21 kobolds
  3 quokkas
  15 bats
  8 frilled lizards
  A giant cockroach zombie (D:5)
  A leopard gecko skeleton (D:8)
  A quokka zombie (D:5)
  15 rats
322 creatures vanquished.

Vanquished Creatures (others)
  10 fungi
  5 plants
15 creatures vanquished.

Grand Total: 337 creatures vanquished

Notes
Turn   | Place    | Note
-------+----------+-------------------------------------------
     0 | D:1      | Jraekied the High Elf Hunter began the quest for the Orb.
     0 | D:1      | Reached XP level 1. HP: 14/14 MP: 2/2
     3 | D:1      | Noticed an electric eel
     3 | D:1      | Noticed an electric eel
   268 | D:1      | Reached XP level 2. HP: 20/20 MP: 3/3
   448 | D:1      | Reached skill level 6 in Bows
   726 | D:1      | Reached XP level 3. HP: 20/25 MP: 4/4
  1233 | D:2      | Found a faded altar of an unknown god.
  1475 | D:2      | Became a worshipper of Warmaster Okawaru
  1475 | D:2      | Reached * piety under Okawaru
  1651 | D:2      | Reached XP level 4. HP: 13/30 MP: 5/5
  2605 | D:3      | Reached skill level 7 in Bows
  2626 | D:3      | Reached XP level 5. HP: 14/36 MP: 6/6
  3069 | D:3      | Found an iron altar of Okawaru.
  4199 | D:4      | Noticed an ogre
  4229 | D:4      | Noticed a hog
  4229 | D:4      | an ogre changed into a hog
  4501 | D:4      | Noticed an ogre
  4510 | D:4      | Killed an ogre
  4510 | D:4      | Reached ** piety under Okawaru
  4510 | D:4      | Reached skill level 8 in Bows
  4510 | D:4      | Reached XP level 6. HP: 35/41 MP: 7/7
  4732 | D:4      | Found an ancient bone altar of Kikubaaqudgha.
  4908 | D:4      | Found a staircase to the Ecumenical Temple.
  4910 | D:5      | Entered Level 5 of the Dungeon
  4911 | D:5      | Reached skill level 9 in Bows
  4911 | D:5      | Reached skill level 1 in Invocations
  4930 | D:5      | HP: 1/41 [bullfrog zombie (3)]
  5508 | D:5      | Noticed a sky beast
  5573 | D:5      | Killed a sky beast
  5573 | D:5      | Reached XP level 7. HP: 22/45 MP: 2/9
  5731 | D:5      | Reached skill level 10 in Bows
  5877 | D:5      | Reached *** piety under Okawaru
  6258 | D:4      | Killed a hog
  6300 | D:4      | Found Epliang's Magic Scroll Shop.
  6542 | D:6      | Reached skill level 11 in Bows
  6542 | D:6      | Reached XP level 8. HP: 51/51 MP: 11/11
  6547 | D:6      | Noticed Eustachio
  6558 | D:6      | Killed Eustachio
  6791 | D:6      | Noticed Edmund
  6812 | D:6      | Killed Edmund
  6868 | D:6      | Found a hazy altar of Hepliaklqana.
  6921 | D:6      | Reached skill level 12 in Bows
  6960 | D:6      | Reached skill level 5 in Invocations
  6987 | D:6      | Found Omnussag's Armour Boutique.
  7018 | D:6      | Got an ichor-stained ring mail
  7029 | D:6      | Identified the cursed +1 ring mail "Qyap" {rC+} (You found it on level 6 of the Dungeon)
  7349 | D:6      | Reached **** piety under Okawaru
  7426 | D:6      | Found a shattered altar of Ashenzari.
  7435 | D:6      | Found a glowing golden altar of the Shining One.
  7436 | D:6      | Found a basalt altar of Yredelemnul.
  7539 | D:7      | Received a gift from Okawaru
  7605 | D:7      | Found a shimmering altar of Xom.
  8078 | D:7      | Reached skill level 13 in Bows
  8078 | D:7      | Reached XP level 9. HP: 46/55 MP: 9/14
  8089 | D:7      | Found Kiafes's Book Emporium.
  8179 | D:7      | Paralysed by a hornet for 1 turns
  8180 | D:7      | Received a gift from Okawaru
  8531 | D:7      | Found a blossoming altar of Fedhas.
  8763 | D:7      | Reached skill level 14 in Bows
  8864 | D:8      | Noticed Joseph
  9089 | D:8      | Killed Joseph
  9089 | D:8      | Reached ***** piety under Okawaru
  9301 | D:8      | Noticed Maurice
  9303 | D:8      | Received a gift from Okawaru
  9315 | D:8      | Killed Maurice
  9441 | D:8      | Reached skill level 5 in Dodging
  9441 | D:8      | Reached XP level 10. HP: 49/63 MP: 10/16
  9829 | D:6      | Bought a +2 pair of gloves of dexterity for 301 gold pieces
  9921 | D:9      | Found a deep blue altar of Sif Muna.
  9922 | D:9      | You fall through a shaft for 2 floors!
  9994 | D:11     | Received a gift from Okawaru
 10107 | D:10     | Entered Level 10 of the Dungeon
 10109 | D:10     | Found a staircase to the Orcish Mines.
 10260 | D:9      | Noticed Psyche
 10272 | D:9      | Killed Psyche
 10383 | D:9      | Noticed Prince Ribbit
 10395 | D:9      | Killed Prince Ribbit
 10413 | D:9      | Received a gift from Okawaru
 10469 | D:9      | Reached skill level 5 in Fighting
 11049 | D:10     | Noticed a hill giant
 11316 | D:10     | Received a gift from Okawaru
 11431 | D:10     | Killed a hill giant
 11447 | D:10     | Received a gift from Okawaru
 11459 | D:10     | Killed an unseen horror
 11525 | D:10     | Reached XP level 11. HP: 62/72 MP: 19/19
 11636 | D:10     | Found a staircase to the Lair.
 12032 | D:10     | Identified a scroll of acquirement
 12181 | D:11     | Noticed a hill giant
 12191 | D:11     | Killed a hill giant
 12191 | D:11     | Reached skill level 10 in Invocations
 12321 | D:11     | Received a gift from Okawaru
 12360 | D:11     | Noticed a purple ugly thing
 12376 | D:11     | Killed a purple ugly thing
 12376 | D:11     | Reached skill level 1 in Long Blades
 12597 | Lair:1   | Entered Level 1 of the Lair of Beasts
 13473 | Lair:1   | Received a gift from Okawaru
 13803 | Lair:2   | Received a gift from Okawaru
 13803 | Lair:2   | Reached skill level 10 in Dodging
 13807 | Lair:2   | Got an encrusted great sword {god gift}
 13808 | Lair:2   | Identified the +11 great sword "Goblin's Funeral" {freeze, +Fly rF+ Int-4} (Okawaru gifted it to you on level 2 of the Lair of Beasts)
 13916 | Lair:2   | Reached skill level 5 in Long Blades
 14754 | Lair:2   | Noticed Fannar
 14775 | Lair:2   | Killed Fannar
 14821 | Lair:2   | Reached ****** piety under Okawaru
 14821 | Lair:2   | Reached XP level 12. HP: 41/81 MP: 13/20
 15255 | Lair:2   | Noticed Urug
 15266 | Lair:2   | Received a gift from Okawaru
 15288 | Lair:2   | Killed Urug
 15297 | Lair:2   | Got a translucent ring mail {god gift}
 15308 | Lair:2   | Identified the +4 ring mail "Roymet" {Dex+4} (Okawaru gifted it to you on level 2 of the Lair of Beasts)
 15489 | Lair:2   | Noticed an eight-headed hydra
 15497 | Lair:2   | Slain by an eight-headed hydra

Vault maps used:
D:1:      arrival_aquarium_b, minmay_misc_feat_diagonals
D:2:      ecumenical_altar_1
D:3:      okawaru_metal_pillars_1_2
D:4:      kiku_gazebo_garden_becter, serial_shops, kennysheep_mini, first_bread
D:5:      glass_columns_b
D:6:      minitemple, nicolae_overflow_crystal_walls, serial_shops,
          shop_fountains, uniq_eustachio, uniq_edmund
D:7:      tgw_xom, serial_shops, shop, fedhas_altar_4
D:8:      nicolae_zen_rock_garden, uniq_joseph, uniq_maurice
D:9:      lemuel_crystal_altar, blue_anna_alchemist, uniq_psyche,
          uniq_prince_ribbit1
D:10:     grunt_lair_entry_orc_guard_hut, orc_0_dummy
D:12:     minmay_misc_feat_rows
Lair:1:   serial_bayou_pond_e, lemuel_fruit_fields, lemuel_fruit_tree
Lair:2:   serial_bayou_ford_a, serial_bayou_lagoon_a, st_stairs_9,
          hangedman_lair_generics_rect, uniq_urug, uniq_fannar

Skill      XL: |  1  2  3  4  5  6  7  8  9 10 11 12 |
---------------+-------------------------------------+-----
Bows           | 6 7 8 9 11 13 14 | 14.7
Dodging        | 3 4 5 7 10 | 10.5
Invocations    | 1 3 5 7 9 10 | 10.1
Fighting       | 3 6 7 |  7.4
Long Blades    | 7 8 |  8.4
Stealth        | |  1.1

Action                   |  1- 3 |  4- 6 |  7- 9 | 10-12 || total
-------------------------+-------+-------+-------+-------++-------
Melee: Short sword       |    48 |    85 |       |    61 ||   194
       Shortbow          |       |     1 |       |     2 ||     3
       Great sword       |       |       |       |    17 ||    17
 Fire: Shortbow          |    73 |   167 |   389 |   795 ||  1424
Throw: Stone             |    17 |     5 |       |       ||    22
       Tomahawk          |       |     9 |       |     2 ||    11
Invok: Finesse           |       |       |       |     1 ||     1
       Heroism           |       |       |       |     3 ||     3
Evoke: Wand              |       |     4 |       |       ||     4
  Use: Potion            |     1 |     8 |     1 |     3 ||    13
       Scroll            |       |     9 |       |    15 ||    24
  Eat: Beef jerky        |     1 |     1 |       |       ||     2
       Chunk             |       |     6 |     2 |     1 ||     9
       Meat ration       |       |     1 |     1 |     3 ||     5
       Bread ration      |       |       |     1 |       ||     1
Armor: Leather armour    |    31 |    20 |     4 |       ||    55
       Ring mail         |       |       |    11 |    96 ||   107
Dodge: Dodged            |    75 |    93 |    49 |   311 ||   528
       Rpst.: Great sword |       |       |       |     6 ||     6
